 Dungeon Crawl Stone Soup version 0.19-a0-934-gf1df8d1 (webtiles) character file.

124 ololoev the Charmwright (level 4, -1/33 HPs)
             Began as a Demonspawn Skald on July 7, 2016.
             Slain by Sigmund
             ... wielding a +1 scythe of freezing
              (13 damage)
             ... on level 3 of the Dungeon.
             The game lasted 00:04:10 (2223 turns).

ololoev the Charmwright (Demonspawn Skald)          Turns: 2223, Time: 00:04:11

Health: -1/33      AC:  7    Str: 13    XL:     4   Next: 81%
Magic:  3/7        EV: 11    Int: 14    God:
Gold:   135        SH:  0    Dex: 12    Spells: 2 memorised, 3 levels left

rFire  . . .     SeeInvis .     a - +0 falchion
rCold  . . .     Gourm    .     b - +0 leather armour
rNeg   . . .     Faith    .     (no shield)
rPois  .         Spirit   .     m - +0 helmet
rElec  .         Dismiss  .     (no cloak)
rCorr  .         Reflect  .     n - +2 pair of gloves
SustAt +         Harm     .     (no boots)
MR     .....                    (no amulet)
Stlth  +.........               r - ring of flight
                                p - ring of sustain attributes

@: very slightly contaminated, not resistant to hostile enchantments, very
unstealthy
A: talons 1, demonic guardian 1
a: Evoke Flight


Innate Abilities, Weirdness & Mutations

You have sharp toenails.
A weak demonic guardian rushes to your aid.

Inventory:

Hand Weapons
 a - a +0 falchion (weapon)
Armour
 b - a +0 leather armour (worn)
 m - a +0 helmet (worn)
 n - a +2 pair of gloves (worn)
Jewellery
 p - a ring of sustain attributes (left hand)
 r - a ring of flight (right hand)
Scrolls
 c - 2 scrolls of enchant weapon {unknown}
 e - 4 scrolls of noise {unknown}
 i - 2 scrolls of recharging {unknown}
 j - a scroll of remove curse {unknown}
 k - a scroll of random uselessness {unknown}
 l - 3 scrolls of identify {unknown}
Potions
 f - 2 potions of brilliance {unknown}
 g - a potion of ambrosia {unknown}
 o - a potion of cancellation {unknown}
 q - a potion of curing
Comestibles
 d - a bread ration
 h - a slice of pizza
 s - 2 chunks of flesh


   Skills:
 - Level 2.0 Fighting
 * Level 3.1 Long Blades
 + Level 2.0 Armour
 - Level 0.8 Dodging
 + Level 2.5 Spellcasting
 + Level 3.2 Charms
 * Level 1.0 Necromancy


You had 3 spell levels left.
You knew the following spells:

 Your Spells              Type           Power        Failure   Level  Hunger
a - Song of Slaying       Chrm           ##......     14%         2    ###....
z - Regeneration          Chrm/Necr      #.........   38%         3    ###....


You were on level 3 of the Dungeon.
You were hungry.

You visited 1 branch of the dungeon, and saw 3 of its levels.

You collected 135 gold pieces.

...................#.########
............#...#.###....(...
#......####.##.##..#.#######.
#.##### #.##.##.#.## #.
#.##.##.### #. ##.##.##.# #.
#.....##.# #.
########{.5..##.# #.
....!...5.@..##.# #.
########........# ##.
#.....#### #.. ###....# #.#
.....# #.# ###...# #.# #.###
#.# #.. #.# .### #.#

Notes
Turn   | Place    | Note
-------+----------+-------------------------------------------
     0 | D:1      | ololoev the Demonspawn Skald began the quest for the Orb.
     0 | D:1      | Reached XP level 1. HP: 16/16 MP: 3/3
    95 | D:1      | Reached skill level 1 in Armour
   277 | D:1      | Gained mutation: A weak demonic guardian rushes to your aid. [demonic ancestry]
   277 | D:1      | Reached XP level 2. HP: 15/22 MP: 5/5
   913 | D:2      | Noticed Natasha
   926 | D:2      | Noticed a crimson imp
   927 | D:2      | Killed Natasha
   927 | D:2      | Gained mutation: You have sharp toenails. [demonic ancestry]
   927 | D:2      | Reached XP level 3. HP: 11/27 MP: 6/6
  1087 | D:2      | Found a sparkling altar of Nemelex Xobeh.
  1204 | D:2      | Reached XP level 4. HP: 13/33 MP: 7/7
  1208 | D:2      | Learned a level 2 spell: Song of Slaying
  1212 | D:2      | Learned a level 3 spell: Regeneration
  1703 | D:2      | Noticed Natasha
  1704 | D:2      | Noticed Jessica
  1730 | D:2      | Killed Natasha
  1735 | D:2      | Killed Jessica
  1735 | D:2      | Reached skill level 1 in Necromancy
  2201 | D:3      | Noticed Sigmund
  2223 | D:3      | Slain by Sigmund

Dungeon Overview and Level Annotations

Branches:
Dungeon (3/15)

Altars:
Nemelex Xobeh

Annotations:
D:3 Sigmund


Message History

A goblin comes into view.
Found 14 gold pieces.
Found a bread ration.
You hit the goblin. Your kick misses the goblin.
The goblin is severely wounded.
The goblin barely misses you.
You hit the goblin.
You kill the goblin!
No target in view!
No target in view!
No target in view!
No target in view!
No target in view!
No target in view!
No target in view!
No target in view!
No target in view!
No target in view!
No target in view!
No target in view!
No target in view!
No target in view!
You now have 135 gold pieces (gained 14).
Sigmund the Dreaded comes into view.
He is wielding a scythe of freezing.
Found a potion of curing.
Cast which spell? (? or * to list)
Your skin crawls.
Sigmund hits you but does no damage. Sigmund misses you.
You see here a bread ration.
Your skin is crawling a little less now.
Sigmund points at you and mumbles some strange words.
You resist with some effort. Sigmund barely misses your crimson imp.
Your crimson imp closely misses Sigmund.
Sigmund hits your crimson imp with a scythe of freezing!
Sigmund freezes your crimson imp!
Your crimson imp dies!
Your skin stops crawling.
Sigmund laughs darkly.
Sigmund misses you. Sigmund barely misses you.
You see here a bread ration.
You hit Sigmund.
Sigmund is lightly wounded.
You hit Sigmund. Your kick misses Sigmund.
Sigmund is moderately wounded.
Sigmund hits you with a scythe of freezing.
Sigmund freezes you.
You hit Sigmund. You claw Sigmund, but do no damage.
Sigmund is heavily wounded.
Sigmund hits you but does no damage.
Casting: Regeneration
Confirm with . or Enter, or press ? or * to list all spells.
You miscast Regeneration.
You are very lightly contaminated with residual magic.
You shiver with cold.
You are feeling hungry.
Sigmund points at you and mumbles some strange words.
You are confused.
Unknown command.
Sigmund closely misses you.
Sigmund gestures wildly while chanting.
Sigmund flickers and vanishes!
Deactivating autopickup; reactivate with Ctrl-A.
Unknown command.
What do you say? t - Shout!
Orders for allies: a - Attack new target. r - Retreat! s - Stop attacking. w - Wait here. f - Follow me.
Anything else - Stay silent.
Gang up on whom?
Press: ? - help, Dir - move target cursor There's nothing there!
Unknown command.
Something hits you. Something freezes you.
You feel less confused. Something hits you. Something freezes you.
Something hits you!
You die...

You could see 2 friendly white imps.

Vanquished Creatures
  Jessica (D:2)
  Natasha (twice) (D:2)
  An adder (D:2)
  A dart slug (D:1)
  2 giant geckos
  2 ball pythons
  4 bats
  3 giant cockroaches
  6 goblins
  5 hobgoblins
  4 giant newts
  5 kobolds
  4 rats (D:1)
40 creatures vanquished.

Action                   |  1- 3 |  4- 6 || total
-------------------------+-------+-------++-------
Melee: Falchion          |   137 |    42 ||   179
       Kick              |     6 |     6 ||    12
 Cast: Regeneration      |       |     1 ||     1
  Eat: Chunk             |     1 |     3 ||     4
Armor: Leather armour    |    41 |    11 ||    52
Dodge: Dodged            |    61 |    22 ||    83

Vault maps used:
D:1:      dpeg_arrival_tiny_d
D:2:      nicolae_overflow_crystal_walls, st_stairs_13, uniq_natasha,
          uniq_jessica
D:3:      first_bread, uniq_sigmund, uniq_terence
